 Dungeon Crawl Stone Soup version 0.23-a0-635-g88ca12a (webtiles) character file.

436 Lilu the Magician (level 6, -4/34 HPs)
             Began as a Deep Elf Wizard on Dec 28, 2018.
             Killed by divine providence
             ... invoked by an orc priest
              (12 damage)
             ... on level 4 of the Dungeon.
             The game lasted 00:16:56 (5625 turns).

Lilu the Magician (Deep Elf Wizard)                 Turns: 5625, Time: 00:16:57

Health: -4/34      AC:  6    Str:  5    XL:     6   Next: 68%
Magic:  8/16       EV: 13    Int: 24    God:
Gold:   134        SH:  0    Dex: 13    Spells: 5/16 levels left

rFire    . . .     SeeInvis .   r - +3 mace (drain)
rCold    + . .     Gourm    .   (no shield)
rNeg     . . .     Faith    .   v - +2 leather armour {rF+}
rPois    .         Spirit   .   b - +0 hat
rElec    .         Reflect  .   m - +0 cloak
rCorr    .         Harm     .   (no gloves)
MR       .....                  (no boots)
Stlth    ++........             (no amulet)
HPRegen  0.11/turn              f - ring of flight
MPRegen  0.15/turn              y - ring of ice

@: studying Crossbows
A: no striking features
a: Evoke Flight


You were on level 4 of the Dungeon.
You were not hungry.

You visited 1 branch of the dungeon, and saw 4 of its levels.

You collected 134 gold pieces.

Inventory:

Hand Weapons
 r - a +3 mace of draining (weapon)
 t - a +0 dagger of speed
 u - a +1 hunting sling
 A - a +3 quarterstaff of chaos
 F - a +0 blowgun
Missiles
 c - 37 sling bullets
 e - 139 stones (quivered)
 i - 40 poisoned needles
 j - 10 tomahawks
 l - 42 arrows
 w - a throwing net
Armour
 b - a +0 hat (worn)
 m - a +0 cloak (worn)
 s - a +2 chain mail of magic resistance
 v - a +2 leather armour of fire resistance (worn)
 C - a +0 buckler
Jewellery
 f - a ring of flight (left hand)
 y - a ring of ice (right hand)
Wands
 H - a wand of random effects (18)
 I - a wand of polymorph (9)
Scrolls
 a - a scroll of amnesia {unknown}
 h - 3 scrolls of remove curse
 p - a scroll of blinking
 x - 2 scrolls of identify
 B - a scroll of fear
 D - 4 scrolls of teleportation
Potions
 n - 2 potions of magic {unknown}
 o - 4 potions of agility {unknown}
 q - a potion of heal wounds
 z - a potion of haste {unknown}
 E - 2 potions of degeneration {unknown}
 G - a potion of curing {unknown}
Books
 g - a manual of Crossbows
Comestibles
 d - 9 rations
 k - 7 chunks of flesh


   Skills:
 + Level 1.1 Fighting
 + Level 4.2 Dodging
 - Level 2.4 Stealth
 * Level 0.0 Shields
 + Level 5.6 Spellcasting
 + Level 3.3 Conjurations
 - Level 2.0 Summonings
 - Level 2.0 Translocations
 - Level 2.0 Fire Magic
 - Level 2.0 Air Magic
 - Level 2.0 Poison Magic


You had 5 spell levels left.
You knew the following spells:

 Your Spells              Type           Power        Failure   Level  Hunger
a - Magic Dart            Conj           ###.         3%          1    None
b - Call Imp              Summ           ###.....     10%         2    None
c - Blink                 Tloc           N/A          9%          2    None
d - Mephitic Cloud        Conj/Pois/Air  ###.....     16%         3    #......
e - Conjure Flame         Conj/Fire      ###.....     14%         3    #......

Your spell library contained the following spells:

 Spells                   Type           Power        Failure   Level  Hunger
 Slow                     Hex            #.......     22%         2    None


Dungeon Overview and Level Annotations

Branches:
Dungeon (4/15)
 Temple: D:4-7

Altars:


Message History

Things that are here:
a +0 mace; a +0 leather armour You barely miss the orc.
The orc hits you with a +0 flail.
You hit the orc but do no damage. The orc completely misses you.
The orc hits you with a +0 flail.
You barely miss the orc.
The orc priest invokes the aid of Beogh against you.
Beogh smites you!
Ouch! That really hurt!
* * * LOW HITPOINT WARNING * * *
The orc misses you.
Some of the chunks of flesh in your inventory have rotted away.
Casting: Magic Dart (safe; 3% risk of failure)
Confirm with . or Enter, or press ? or * to list all spells.
You blink.
You hit the orc priest.
The orc priest is moderately wounded.
The orc priest calls down the wrath of Beogh upon you.
Beogh smites you!
You die...

###
#..
#.#
#.#
#.#
#.#
#@#
#o#
#)#
#.#
#o#
#.#
#)#
#.#
#(#
#.#
#(#


You could see an orc priest and an orc.

Vanquished Creatures
  An orc wizard (D:4)
  Crazy Yiuf (D:2)
  A bullfrog skeleton (D:2)
  3 worker ants (D:4)
  A hound skeleton (D:4)
  10 adders
  3 gnolls (D:4)
  An ooze (D:4)
  3 worms (D:2)
  2 dart slugs (D:1)
  12 orcs (D:4)
  2 giant cockroaches
  11 goblins
  9 hobgoblins
  6 jackals
  7 kobolds
  A quokka (D:4)
  A ball python (D:1)
  5 bats
  3 frilled lizards
  6 rats
89 creatures vanquished.

Vanquished Creatures (collateral kills)
  A hound (D:4)
  Terence (D:2)
  A worm (D:2)
3 creatures vanquished.

Grand Total: 92 creatures vanquished

Notes
Turn   | Place    | Note
-------+----------+-------------------------------------------
     0 | D:1      | Lilu the Deep Elf Wizard began the quest for the Orb.
     0 | D:1      | Reached XP level 1. HP: 10/10 MP: 7/7
   120 | D:1      | Reached XP level 2. HP: 15/15 MP: 2/9
   182 | D:1      | Learned a level 2 spell: Call Imp
   185 | D:1      | Learned a level 2 spell: Blink
   963 | D:1      | Reached XP level 3. HP: 19/19 MP: 7/11
  1009 | D:1      | Learned a level 3 spell: Mephitic Cloud
  1013 | D:1      | Learned a level 3 spell: Conjure Flame
  1176 | D:2      | Noticed Terence
  1205 | D:2      | Killed Terence
  1567 | D:2      | Found a runed door.
  1805 | D:2      | Reached XP level 4. HP: 22/24 MP: 9/12
  1815 | D:2      | Reached skill level 5 in Spellcasting
  2130 | D:2      | Reached skill level 1 in Air Magic
  2312 | D:2      | Reached skill level 1 in Fire Magic
  2312 | D:2      | Reached skill level 1 in Poison Magic
  2722 | D:2      | Noticed Crazy Yiuf
  2887 | D:2      | Killed Crazy Yiuf
  2887 | D:2      | Reached XP level 5. HP: 18/28 MP: 9/14
  4273 | D:4      | HP: 1/28 [poisoned by a worker ant]
  4571 | D:4      | Reached XP level 6. HP: 33/33 MP: 10/15
  5404 | D:4      | Reached skill level 1 in Fighting
  5625 | D:4      | Killed from afar by an orc priest

Vault maps used:
D:1:      onia_arrival_pyramid
D:2:      first_ration, minmay_crystal_room, uniq_terence,
          uniq_crazy_yiuf_cottage
D:4:      kennysheep_vampire_church, minmay_manual_monolith

Skill      XL: |  1  2  3  4  5  6 |
---------------+-------------------+-----
Dodging        | 3 4 |  4.2
Conjurations   | 2 3 |  3.3
Spellcasting   | 5 |  5.6
Air Magic      | 1 2 |  2.0
Summonings     | 2 |  2.0
Fire Magic     | 1 2 |  2.0
Poison Magic   | 1 2 |  2.0
Translocations | 2 |  2.0
Fighting       | 1 |  1.1
Stealth        | |  2.4

Action                   |  1- 3 |  4- 6 || total
-------------------------+-------+-------++-------
Melee: Mace              |    17 |    36 ||    53
       Dagger            |     3 |     6 ||     9
       Quarterstaff      |       |    12 ||    12
 Fire: Hunting sling     |       |    23 ||    23
 Cast: Magic Dart        |    58 |   160 ||   218
       Call Imp          |     4 |     5 ||     9
       Blink             |     2 |     5 ||     7
       Mephitic Cloud    |       |     5 ||     5
       Conjure Flame     |       |     3 ||     3
 Abil: Evoke Flight      |       |     1 ||     1
  Use: Scroll            |       |     7 ||     7
       Potion            |       |     2 ||     2
 Stab: Distracted        |     1 |       ||     1
       Sleeping          |     1 |       ||     1
       Confused          |       |     2 ||     2
       Petrified         |       |     3 ||     3
       Petrifying        |       |     2 ||     2
  Eat: Chunk             |     3 |    12 ||    15
Armor: Robe              |     3 |     7 ||    10
       Leather armour    |       |     6 ||     6
Dodge: Dodged            |    14 |    61 ||    75

Table legend:
 A = Non-vault XP
 B = Vault XP
 C = Vault XP percentage of total XP
 D = Non-vault monster count
 E = Vault monster count
 F = Vault count percentage of total count
                 A         B        C        D         E       F
            +---------+---------+-------+---------+---------+-------
      Total |     454 |     169 |  27.1 |      86 |       6 |   6.5
            +---------+---------+-------+---------+---------+-------
        D:1 |      44 |       0 |   0.0 |      24 |       0 |   0.0
        D:2 |     125 |      59 |  32.1 |      23 |       2 |   8.0
        D:3 |      57 |       0 |   0.0 |      13 |       0 |   0.0
        D:4 |     228 |     110 |  32.5 |      26 |       4 |  13.3
            +---------+---------+-------+---------+---------+-------
